Blackhawks vs Flyers

Created - 12 avril 2024 at 17:51

Goals
1 2 3 T
Blackhawks 1 2 0 3
Flyers 1 4 0 5
Shots
1 2 3 T
Blackhawks 11 10 6 27
Flyers 17 11 16 44

GoalsPenalties
1st period
1. Blackhawks , Tomas Tatar 21 (Mikael Backlund 37) at 14:42
2. Flyers , Travis Konecny 20 (Patrick Kane 40, Leon Draisaitl 47) at 15:01 (PP)
Moritz Seider (CHI) for Hooking (Minor) at 9:34
Moritz Seider (CHI) for High sticking (Minor) at 14:56
2nd period
3. Blackhawks , Kevin Hayes 23 (Mark Stone 46, Niko Mikkola 13) at 3:50
4. Flyers , Logan Couture 23 (Dylan Cozens 35) at 7:42
5. Flyers , Scott Laughton 19 (Noah Hanifin 21, Calle Jarnkrok 15) at 9:12
6. Blackhawks , Mikael Backlund 21 (Matthew Knies 7, Tomas Tatar 27) at 12:20
7. Flyers , Aaron Ekblad 6 (Dylan Cozens 36) at 19:20 (PP)
8. Flyers , Leon Draisaitl 44 (Aaron Ekblad 26, Travis Konecny 39) at 19:27 (PP)
Matthew Benning (CHI) for High sticking (Double Minor) at 18:45
3rd period
No Goal
Matthew Knies (CHI) for Interference (Minor) at 0:44
Goalie Stats
Akira Schmid (CHI), 39 saves from 44 shots - (0,886), L, 33-15-1, 60:00 minutes
Juuse Saros (PHI), 24 saves from 27 shots - (0,889), W, 40-12-6, 60:00 minutes
3 StarsOfficial
1 - Aaron Ekblad (PHI)
2 - Scott Laughton (PHI)
3 - Tomas Tatar (CHI)
Referees : Tim Peel and Chris Rooney
Linesman : James Tobias and Kory Nagy
Game Note
No Game Note
Finance
Level 1 -- Attendance: 5910 (98,50%) -- Ticket Income $561,450
Level 2 -- Attendance: 4856 (97,12%) -- Ticket Income $262,224
Level 3 -- Attendance: 2000 (100,00%) -- Ticket Income $66,000
Level 4 -- Attendance: 4000 (100,00%) -- Ticket Income $88,000
Luxury Box -- Attendance: 1000 (100,00%) -- Ticket Income $165,000
Game was played at the Spectrum.
Total Attendance: 17766 (98,70%)
Total Ticket Income: $1,142,674
Other Income: $559,910
Total Income: $1,702,584



Team Name Goals Shots Shots Attemp Shots Blocked PIM HIT PP PK FO%
Blackhawks 327552010180 / 0 (0,00%354%
Flyers 54492100203 / 5 (60%)046%

Blackhawks
Player Name POS G A P +/- PIM HIT SHT SB MP PP MP PP SHT PK MP PK SHT FO% FOT GA TA
Alexander AlexeyevD0000011316:260:0000:3600% 000
Carson SoucyD0002021121:230:0001:4300% 000
Dominic ToninatoC/LW0000000011:360:0001:23080% 501
Kevin HayesC/LW/RW1010005116:020:0000:0000% 000
Luke KuninC/RW0000001116:470:0001:1700% 000
Mark StoneRW0110026215:020:0000:0000% 010
Matthew BenningD0002400321:520:0002:3200% 000
Matthew KniesLW/RW0111210014:260:0000:0000% 100
Michael AmadioC/RW0000010110:130:0000:0000% 100
Michael RasmussenC/LW/RW0000030115:410:0001:23041% 2200
Mikael BacklundC1121001014:360:0000:00063% 1910
Moritz SeiderD000-1401022:080:0001:3000% 011
Niko MikkolaD0110000219:080:0003:0900% 002
Phillip Di GiuseppeLW/RW0000021111:480:0001:0200% 001
Roman JosiD000-1033219:510:0000:0000% 001
Tomas TatarC/LW/RW1121013116:470:0002:2000% 131
Tyler BertuzziLW/RW0000003014:030:0000:00050% 210
Yanni GourdeC/LW0000021117:220:0002:05063% 1610
Flyers
Player Name POS G A P +/- PIM HIT SHT SB MP PP MP PP SHT PK MP PK SHT FO% FOT GA TA
Aaron EkbladD1120032222:283:2310:0000% 000
Brock FaberD0000011218:031:2200:0000% 001
Calle JarnkrokC/LW/RW0111010114:450:0000:000100% 100
Dylan CozensC/LW/RW022-1006017:202:0300:0000% 000
Gabriel VilardiC/LW/RW0001004014:460:0400:0000% 000
Joey AndersonRW000000109:240:0000:0000% 000
John MarinoD000-1017119:290:0000:0000% 002
John-Jason PeterkaC/LW/RW000000009:240:0000:0000% 000
Kaiden GuhleD0000021016:210:0000:0000% 001
Kevin FialaLW/RW000-1002017:202:0300:0000% 030
Leon DraisaitlC/LW112-1013018:252:4110:00046% 2810
Logan CoutureC/LW101-1003017:202:0300:00033% 1201
MacKenzie WeegarD0000061122:283:2300:0000% 000
Noah HanifinD011-1002321:111:2200:0000% 010
Patrick KaneLW/RW011-1001018:242:3910:0000% 311
Scott LaughtonC/LW/RW1011044014:390:0000:00065% 1711
Travis KonecnyLW/RW112-1005018:242:3910:0000% 201
Wyatt JohnstonC000001109:490:0300:00050% 400

Blackhawks

5 vs 5 Forward
Line #Left WingCenterRight WingPHYDFOFWanted %Time %Time Play
1Kevin HayesYanni GourdeMark Stone0143130%16:47
2Tomas TatarMikael BacklundMatthew Knies1132826%14:12
3Tyler BertuzziMichael RasmussenLuke Kunin2122625%14:03
4Phillip Di GiuseppeDominic ToninatoMichael Amadio2211518%10:13
5 vs 5 Defense
Line #DefenseDefensePHYDFOFWanted %Time %Time Play
1Moritz SeiderRoman Josi1223736%19:51
2Carson SoucyMatthew Benning1313535%19:36
3Alexander AlexeyevNiko Mikkola1222829%15:48
4Moritz SeiderRoman Josi12200%0:00
Power Play Forward
Line #Left WingCenterRight WingPHYDFOFWanted %Time %Time Play
1Yanni GourdeMikael BacklundMark Stone005600%0:00
2Tyler BertuzziKevin HayesTomas Tatar005400%0:00
Power Play Defense
Line #DefenseDefensePHYDFOFWanted %Time %Time Play
1Roman JosiMoritz Seider005600%0:00
2Carson SoucyAlexander Alexeyev005400%0:00
Penalty Kill 4 Players Forward
Line #CenterWingPHYDFOFWanted %Time %Time Play
1Yanni GourdeTomas Tatar1316071%3:22
2Michael RasmussenDominic Toninato1314029%1:23
Penalty Kill 4 Players Defense
Line #DefenseDefensePHYDFOFWanted %Time %Time Play
1Niko MikkolaMatthew Benning1226064%3:02
2Carson SoucyMoritz Seider1224036%1:43
Penalty Kill 3 Players
Line #WingPHYDFOFWanted %Time %Time PlayDefenseDefensePHYDFOFWanted %Time %Time Play
1Yanni Gourde122600%0:00 Niko MikkolaMatthew Benning122600%0:00
2Michael Rasmussen122400%0:00 Carson SoucyMoritz Seider122400%0:00
4 vs 4 Forward
Line #CenterWingPHYDFOFWanted %Time %Time Play
1Mikael BacklundMark Stone122600%0:00
2Yanni GourdeTyler Bertuzzi122400%0:00
4 vs 4 Defense
Line #DefensePHYDFOFWanted %Time %Time Play
1Roman JosiMoritz Seider122600%0:00
2Carson SoucyAlexander Alexeyev122400%0:00
Last Minutes Offensive
Left WingCenterRight WingDefenseDefense
Kevin HayesYanni GourdeMark StoneRoman JosiMoritz Seider
Last Minutes Defensive
Left WingCenterRight WingDefenseDefense
Yanni GourdeMikael BacklundMichael RasmussenMatthew BenningMoritz Seider
Time
Total ForwardTotal DefenseLast Minutes OffensiveLast Minutes Defensive
60:00 60:00 0:000:00
Extra Forwards
Normal PowerPlayPenalty Kill
Kevin Hayes, Mark Stone, Mikael BacklundMikael Backlund, Mark StoneYanni Gourde
Extra Defensemen
Normal PowerPlayPenalty Kill
Roman Josi, Carson Soucy, Moritz SeiderRoman Josi, Matthew BenningMoritz Seider
Penalty Shots
Kevin Hayes, Michael Amadio, Tomas Tatar, Mark Stone, Dominic Toninato
Goalie
Akira Schmid, David Rittich
Custom OT Lines Forwards
Mark Stone, Mikael Backlund, Kevin Hayes, Tomas Tatar, Yanni Gourde, Tyler Bertuzzi, Michael Rasmussen, Phillip Di Giuseppe, Michael Amadio, Matthew Knies
Custom OT Lines Defensemen
Roman Josi, Moritz Seider, Alexander Alexeyev, Carson Soucy, Niko Mikkola
Scratches
Brock McGinn (Healthy), Pavel Mintyukov (Healthy)

Flyers

5 vs 5 Forward
Line #Left WingCenterRight WingPHYDFOFWanted %Time %Time Play
1Travis KonecnyLeon DraisaitlPatrick Kane0323029%16:11
2Kevin FialaLogan CoutureDylan Cozens0322828%15:17
3Calle JarnkrokScott LaughtonGabriel Vilardi0322626%14:23
4John-Jason PeterkaWyatt JohnstonJoey Anderson0321617%9:24
5 vs 5 Defense
Line #DefenseDefensePHYDFOFWanted %Time %Time Play
1Aaron EkbladMacKenzie Weegar1313635%19:05
2John MarinoNoah Hanifin1313436%19:49
3Brock FaberKaiden Guhle0323030%16:21
4Aaron EkbladMacKenzie Weegar12200%0:00
Power Play Forward
Line #Left WingCenterRight WingPHYDFOFWanted %Time %Time Play
1Patrick KaneLeon DraisaitlTravis Konecny0055557%2:42
2Kevin FialaLogan CoutureDylan Cozens0054543%2:03
Power Play Defense
Line #DefenseDefensePHYDFOFWanted %Time %Time Play
1Aaron EkbladMacKenzie Weegar0235771%3:23
2Brock FaberNoah Hanifin0234329%1:22
Penalty Kill 4 Players Forward
Line #CenterWingPHYDFOFWanted %Time %Time Play
1Scott LaughtonCalle Jarnkrok050520%0:00
2Logan CoutureJoey Anderson050480%0:00
Penalty Kill 4 Players Defense
Line #DefenseDefensePHYDFOFWanted %Time %Time Play
1John MarinoNoah Hanifin050550%0:00
2Aaron EkbladBrock Faber050450%0:00
Penalty Kill 3 Players
Line #WingPHYDFOFWanted %Time %Time PlayDefenseDefensePHYDFOFWanted %Time %Time Play
1Logan Couture050530%0:00 John MarinoNoah Hanifin050550%0:00
2Scott Laughton050470%0:00 Aaron EkbladBrock Faber050450%0:00
4 vs 4 Forward
Line #CenterWingPHYDFOFWanted %Time %Time Play
1Leon DraisaitlTravis Konecny023550%0:00
2Logan CouturePatrick Kane023450%0:00
4 vs 4 Defense
Line #DefensePHYDFOFWanted %Time %Time Play
1Aaron EkbladMacKenzie Weegar032600%0:00
2John MarinoNoah Hanifin032400%0:00
Last Minutes Offensive
Left WingCenterRight WingDefenseDefense
Patrick KaneLeon DraisaitlKevin FialaAaron EkbladNoah Hanifin
Last Minutes Defensive
Left WingCenterRight WingDefenseDefense
Travis KonecnyLeon DraisaitlLogan CoutureAaron EkbladNoah Hanifin
Time
Total ForwardTotal DefenseLast Minutes OffensiveLast Minutes Defensive
60:00 60:00 0:000:00
Extra Forwards
Normal PowerPlayPenalty Kill
Gabriel Vilardi, Scott Laughton, Wyatt JohnstonGabriel Vilardi, Wyatt JohnstonKevin Fiala
Extra Defensemen
Normal PowerPlayPenalty Kill
Noah Hanifin, Kaiden Guhle, Brock FaberJohn Marino, MacKenzie WeegarKaiden Guhle
Penalty Shots
Logan Couture, Patrick Kane, Leon Draisaitl, Calle Jarnkrok, Noah Hanifin
Goalie
Juuse Saros, Casey DeSmith
Custom OT Lines Forwards
Leon Draisaitl, Travis Konecny, Patrick Kane, Dylan Cozens, Kevin Fiala, Scott Laughton, Logan Couture, Gabriel Vilardi, Calle Jarnkrok, Wyatt Johnston
Custom OT Lines Defensemen
Aaron Ekblad, Noah Hanifin, MacKenzie Weegar, John Marino, Brock Faber
Scratches
Jesper Boqvist (Healthy)


Play-by-Play

1st period


0:01 of 1st period - Yanni Gourde wins face-off versus Patrick Kane in neutral zone.
0:03 of 1st period - Off-side.
0:04 of 1st period - Yanni Gourde wins face-off versus Leon Draisaitl in neutral zone.
0:07 of 1st period - Wrist shot by Mark Stone.
0:07 of 1st period - Deflect By Kevin Hayes.
0:07 of 1st period - Shot Misses the Net.
0:07 of 1st period - Puck is out of play.
0:08 of 1st period - Yanni Gourde wins face-off versus Leon Draisaitl in Flyers zone.
0:19 of 1st period - Wrist shot by Leon Draisaitl.
0:19 of 1st period - Stopped by Akira Schmid with a rebound.
0:21 of 1st period - Wrist shot by Travis Konecny.
0:21 of 1st period - Shot Blocked by Kevin Hayes.
0:23 of 1st period - Slapshot by MacKenzie Weegar.
0:23 of 1st period - Stopped by Akira Schmid with a rebound.
0:25 of 1st period - Slapshot by MacKenzie Weegar.
0:25 of 1st period - Shot Misses the Net.
0:27 of 1st period - Wrist shot by Travis Konecny.
0:27 of 1st period - Shot Misses the Net.
0:29 of 1st period - Wrist shot by Travis Konecny.
0:29 of 1st period - Shot Misses the Net.
0:31 of 1st period - Wrist shot by Travis Konecny.
0:31 of 1st period - Shot Misses the Net.
0:33 of 1st period - Snap shot by Travis Konecny.
0:33 of 1st period - Deflect By Leon Draisaitl.
0:33 of 1st period - Shot Blocked by Roman Josi.
0:33 of 1st period - Puck is out of play.
0:34 of 1st period - Mikael Backlund wins face-off versus Logan Couture in Blackhawks zone.
0:51 of 1st period - Icing by Noah Hanifin.
0:52 of 1st period - Logan Couture wins face-off versus Michael Rasmussen in Flyers zone.
1:29 of 1st period - Snap shot by Kevin Fiala.
1:29 of 1st period - Stopped by Akira Schmid without a rebound.
1:30 of 1st period - Mikael Backlund wins face-off versus Scott Laughton in Blackhawks zone.
2:20 of 1st period - Roman Josi is hit by MacKenzie Weegar and loses puck.
3:47 of 1st period - Snap shot by Kevin Hayes.
3:47 of 1st period - Stopped by Juuse Saros without a rebound.
3:48 of 1st period - Yanni Gourde wins face-off versus Leon Draisaitl in Flyers zone.
3:49 of 1st period - Snap shot by Mark Stone.
3:49 of 1st period - Stopped by Juuse Saros without a rebound.
3:50 of 1st period - Yanni Gourde wins face-off versus Scott Laughton in Flyers zone.
3:59 of 1st period - Wrist shot by Kevin Hayes.
3:59 of 1st period - Shot Blocked by MacKenzie Weegar.
4:22 of 1st period - Snap shot by Travis Konecny.
4:22 of 1st period - Stopped by Akira Schmid without a rebound.
4:23 of 1st period - Scott Laughton wins face-off versus Michael Rasmussen in Blackhawks zone.
4:28 of 1st period - Wrist shot by Gabriel Vilardi.
4:28 of 1st period - Shot Misses the Net.
4:33 of 1st period - Icing by Matthew Benning.
4:34 of 1st period - Scott Laughton wins face-off versus Michael Rasmussen in Blackhawks zone.
5:00 of 1st period - Off-side.
5:01 of 1st period - Leon Draisaitl wins face-off versus Mikael Backlund in neutral zone.
5:33 of 1st period - Snap shot by Logan Couture.
5:33 of 1st period - Shot Blocked by Mark Stone.
5:40 of 1st period - Off-side.
5:41 of 1st period - Dominic Toninato wins face-off versus Wyatt Johnston in neutral zone.
6:36 of 1st period - Slapshot by Kevin Fiala.
6:36 of 1st period - Shot Blocked by Matthew Benning.
6:38 of 1st period - Slapshot by John Marino.
6:38 of 1st period - Stopped by Akira Schmid with a rebound.
6:54 of 1st period - Wrist shot by Tyler Bertuzzi.
6:54 of 1st period - Stopped by Juuse Saros without a rebound.
6:55 of 1st period - Wyatt Johnston wins face-off versus Michael Rasmussen in Flyers zone.
7:02 of 1st period - Luke Kunin is hit by Brock Faber and loses puck.
7:27 of 1st period - Slapshot by Tomas Tatar.
7:27 of 1st period - Stopped by Juuse Saros with a rebound.
7:37 of 1st period - Kaiden Guhle is hit by Tomas Tatar and loses puck.
7:58 of 1st period - Wrist shot by Gabriel Vilardi.
7:58 of 1st period - Stopped by Akira Schmid with a rebound.
8:00 of 1st period - Wrist shot by Scott Laughton.
8:00 of 1st period - Stopped by Akira Schmid without a rebound.
8:01 of 1st period - Yanni Gourde wins face-off versus Leon Draisaitl in Blackhawks zone.
8:33 of 1st period - John-Jason Peterka is hit by Mark Stone and loses puck.
8:41 of 1st period - Off-side.
8:42 of 1st period - Dominic Toninato wins face-off versus Logan Couture in neutral zone.
8:51 of 1st period - Backhand shot by Dylan Cozens.
8:51 of 1st period - Stopped by Akira Schmid with a rebound.
8:53 of 1st period - Snap shot by Noah Hanifin.
8:53 of 1st period - Deflect By Matthew Benning.
8:53 of 1st period - Stopped by Akira Schmid without a rebound.
8:54 of 1st period - Michael Rasmussen wins face-off versus Logan Couture in Blackhawks zone.
9:04 of 1st period - Icing by John Marino.
9:05 of 1st period - Dominic Toninato wins face-off versus Logan Couture in Flyers zone.
9:26 of 1st period - Noah Hanifin is hit by Michael Amadio and loses puck.
9:34 of 1st period - Minor Penalty to Moritz Seider for Hooking.
9:35 of 1st period - Yanni Gourde wins face-off versus Leon Draisaitl in Blackhawks zone.
11:34 of 1st period - Penalty to Moritz Seider is over, Moritz Seider is back on ice.
12:02 of 1st period - Moritz Seider is hit by John Marino and loses puck.
12:37 of 1st period - Snap shot by Luke Kunin.
12:37 of 1st period - Stopped by Juuse Saros with a rebound.
12:39 of 1st period - Slapshot by Matthew Benning.
12:39 of 1st period - Deflect By Moritz Seider.
12:39 of 1st period - Shot Misses the Net.
12:39 of 1st period - Puck is out of play.
12:40 of 1st period - Mikael Backlund wins face-off versus Travis Konecny in Flyers zone.
13:07 of 1st period - Kevin Fiala is hit by Yanni Gourde and loses puck.
13:20 of 1st period - Slapshot by Kevin Hayes.
13:20 of 1st period - Stopped by Juuse Saros with a rebound.
13:52 of 1st period - Alexander Alexeyev is hit by Kaiden Guhle and loses puck.
13:59 of 1st period - Wrist shot by Scott Laughton.
13:59 of 1st period - Shot Misses the Net.
14:01 of 1st period - Slapshot by Brock Faber.
14:01 of 1st period - Stopped by Akira Schmid with a rebound.
14:11 of 1st period - Dominic Toninato is hit by Kaiden Guhle and loses puck.
14:38 of 1st period - Slapshot by Kevin Hayes.
14:38 of 1st period - Stopped by Juuse Saros with a rebound.
14:40 of 1st period - Slapshot by Carson Soucy.
14:40 of 1st period - Stopped by Juuse Saros without a rebound.
14:41 of 1st period - Mikael Backlund wins face-off versus Logan Couture in Flyers zone.
14:42 of 1st period - Snap shot by Tomas Tatar.
14:42 of 1st period - Goal by Tomas Tatar - Blackhawks : 1 - Flyers : 0.
14:43 of 1st period - Leon Draisaitl wins face-off versus Michael Rasmussen in neutral zone.
14:56 of 1st period - Minor Penalty to Moritz Seider for High sticking.
14:57 of 1st period - Leon Draisaitl wins face-off versus Yanni Gourde in Blackhawks zone.
14:59 of 1st period - Snap shot by Patrick Kane.
14:59 of 1st period - Stopped by Akira Schmid with a rebound.
15:01 of 1st period - Slapshot by Travis Konecny.
15:01 of 1st period - Goal by Travis Konecny - Blackhawks : 1 - Flyers : 1.
15:02 of 1st period - Logan Couture wins face-off versus Michael Rasmussen in neutral zone.
15:43 of 1st period - Wrist shot by Logan Couture.
15:43 of 1st period - Stopped by Akira Schmid with a rebound.
15:45 of 1st period - Snap shot by Noah Hanifin.
15:45 of 1st period - Deflect By Mark Stone.
15:45 of 1st period - Stopped by Akira Schmid with a rebound.
15:47 of 1st period - Wrist shot by Kevin Fiala.
15:47 of 1st period - Shot Misses the Net.
16:32 of 1st period - Snap shot by Dylan Cozens.
16:32 of 1st period - Shot Misses the Net.
16:38 of 1st period - Snap shot by Logan Couture.
16:38 of 1st period - Deflect By Dylan Cozens.
16:38 of 1st period - Stopped by Akira Schmid with a rebound.
16:40 of 1st period - Slapshot by Dylan Cozens.
16:40 of 1st period - Stopped by Akira Schmid without a rebound.
16:41 of 1st period - Michael Rasmussen wins face-off versus Patrick Kane in Blackhawks zone.
17:16 of 1st period - Off-side.
17:17 of 1st period - Scott Laughton wins face-off versus Mikael Backlund in neutral zone.
17:48 of 1st period - Wrist shot by Mark Stone.
17:48 of 1st period - Stopped by Juuse Saros without a rebound.
17:49 of 1st period - Yanni Gourde wins face-off versus Travis Konecny in Flyers zone.
17:54 of 1st period - Wrist shot by Kevin Hayes.
17:54 of 1st period - Stopped by Juuse Saros with a rebound.
18:06 of 1st period - Snap shot by Kevin Hayes.
18:06 of 1st period - Shot Blocked by Aaron Ekblad.
18:17 of 1st period - Off-side.
18:18 of 1st period - Mikael Backlund wins face-off versus Wyatt Johnston in neutral zone.
18:21 of 1st period - Joey Anderson is hit by Carson Soucy and loses puck.
19:01 of 1st period - Joey Anderson is hit by Phillip Di Giuseppe and loses puck.
19:34 of 1st period - Slapshot by Aaron Ekblad.
19:34 of 1st period - Stopped by Akira Schmid with a rebound.
Goals for this period are 1 for Blackhawks vs 1 for Flyers.
Shots for this period are 11 for Blackhawks vs 17 for Flyers.

2nd period


0:01 of 2nd period - Leon Draisaitl wins face-off versus Michael Rasmussen in neutral zone.
0:47 of 2nd period - Snap shot by Michael Amadio.
0:47 of 2nd period - Shot Blocked by Noah Hanifin.
1:11 of 2nd period - John Marino is hit by Carson Soucy and loses puck.
1:38 of 2nd period - Wrist shot by Leon Draisaitl.
1:38 of 2nd period - Shot Misses the Net.
2:43 of 2nd period - Wrist shot by Moritz Seider.
2:43 of 2nd period - Stopped by Juuse Saros without a rebound.
2:44 of 2nd period - Scott Laughton wins face-off versus Michael Amadio in Flyers zone.
2:51 of 2nd period - Snap shot by Calle Jarnkrok.
2:51 of 2nd period - Deflect By Phillip Di Giuseppe.
2:51 of 2nd period - Shot Blocked by Niko Mikkola.
2:51 of 2nd period - Puck is out of play.
2:52 of 2nd period - Leon Draisaitl wins face-off versus Michael Rasmussen in Blackhawks zone.
3:24 of 2nd period - Wrist shot by Gabriel Vilardi.
3:24 of 2nd period - Shot Misses the Net.
3:26 of 2nd period - Slapshot by Gabriel Vilardi.
3:26 of 2nd period - Shot Misses the Net.
3:40 of 2nd period - Snap shot by Kevin Hayes.
3:40 of 2nd period - Shot Misses the Net.
3:42 of 2nd period - Snap shot by Mark Stone.
3:42 of 2nd period - Stopped by Juuse Saros with a rebound.
3:44 of 2nd period - Slapshot by Niko Mikkola.
3:44 of 2nd period - Deflect By Mark Stone.
3:44 of 2nd period - Stopped by Juuse Saros with a rebound.
3:46 of 2nd period - Snap shot by Niko Mikkola.
3:46 of 2nd period - Shot Misses the Net.
3:50 of 2nd period - Snap shot by Kevin Hayes.
3:50 of 2nd period - Goal by Kevin Hayes - Blackhawks : 2 - Flyers : 1.
3:51 of 2nd period - Michael Rasmussen wins face-off versus Leon Draisaitl in neutral zone.
4:00 of 2nd period - Slapshot by Roman Josi.
4:00 of 2nd period - Shot Misses the Net.
4:06 of 2nd period - Snap shot by Roman Josi.
4:06 of 2nd period - Stopped by Juuse Saros without a rebound.
4:07 of 2nd period - Scott Laughton wins face-off versus Mikael Backlund in Flyers zone.
4:45 of 2nd period - Off-side.
4:46 of 2nd period - Michael Rasmussen wins face-off versus Leon Draisaitl in neutral zone.
4:55 of 2nd period - Brock Faber is hit by Michael Rasmussen and loses puck.
5:02 of 2nd period - Snap shot by Tyler Bertuzzi.
5:02 of 2nd period - Shot Blocked by Brock Faber.
5:15 of 2nd period - Off-side.
5:16 of 2nd period - Scott Laughton wins face-off versus Dominic Toninato in neutral zone.
5:37 of 2nd period - Carson Soucy is hit by Scott Laughton and loses puck.
6:00 of 2nd period - Wrist shot by Kevin Hayes.
6:00 of 2nd period - Deflect By Mark Stone.
6:00 of 2nd period - Stopped by Juuse Saros with a rebound.
6:02 of 2nd period - Slapshot by Mark Stone.
6:02 of 2nd period - Shot Misses the Net.
6:40 of 2nd period - Slapshot by Aaron Ekblad.
6:40 of 2nd period - Deflect By Joey Anderson.
6:40 of 2nd period - Shot Blocked by Tomas Tatar.
6:40 of 2nd period - Puck is out of play.
6:41 of 2nd period - Scott Laughton wins face-off versus Mikael Backlund in Blackhawks zone.
7:24 of 2nd period - Snap shot by Tomas Tatar.
7:24 of 2nd period - Deflect By Matthew Knies.
7:24 of 2nd period - Shot Misses the Net.
7:24 of 2nd period - Puck is out of play.
7:25 of 2nd period - Logan Couture wins face-off versus Yanni Gourde in Flyers zone.
7:42 of 2nd period - Snap shot by Logan Couture.
7:42 of 2nd period - Goal by Logan Couture - Blackhawks : 2 - Flyers : 2.
7:43 of 2nd period - Michael Rasmussen wins face-off versus Scott Laughton in neutral zone.
7:50 of 2nd period - Snap shot by Luke Kunin.
7:50 of 2nd period - Shot Misses the Net.
8:32 of 2nd period - Carson Soucy is hit by Aaron Ekblad and loses puck.
8:41 of 2nd period - Slapshot by Mark Stone.
8:41 of 2nd period - Stopped by Juuse Saros without a rebound.
8:42 of 2nd period - Michael Rasmussen wins face-off versus Leon Draisaitl in Flyers zone.
8:50 of 2nd period - Off-side.
8:51 of 2nd period - Michael Rasmussen wins face-off versus Leon Draisaitl in neutral zone.
9:04 of 2nd period - Snap shot by Travis Konecny.
9:04 of 2nd period - Stopped by Akira Schmid without a rebound.
9:05 of 2nd period - Scott Laughton wins face-off versus Mikael Backlund in Blackhawks zone.
9:06 of 2nd period - Wrist shot by Gabriel Vilardi.
9:06 of 2nd period - Shot Misses the Net.
9:08 of 2nd period - Wrist shot by Calle Jarnkrok.
9:08 of 2nd period - Shot Misses the Net.
9:10 of 2nd period - Slapshot by Noah Hanifin.
9:10 of 2nd period - Shot Blocked by Alexander Alexeyev.
9:12 of 2nd period - Snap shot by Scott Laughton.
9:12 of 2nd period - Goal by Scott Laughton - Blackhawks : 2 - Flyers : 3.
9:13 of 2nd period - Yanni Gourde wins face-off versus Logan Couture in neutral zone.
9:24 of 2nd period - Kaiden Guhle is hit by Roman Josi and loses puck.
10:05 of 2nd period - Kevin Fiala is hit by Roman Josi and loses puck.
10:58 of 2nd period - Off-side.
10:59 of 2nd period - Leon Draisaitl wins face-off versus Tomas Tatar in neutral zone.
11:33 of 2nd period - Snap shot by Scott Laughton.
11:33 of 2nd period - Stopped by Akira Schmid with a rebound.
11:49 of 2nd period - Snap shot by Wyatt Johnston.
11:49 of 2nd period - Shot Blocked by Matthew Benning.
12:10 of 2nd period - Snap shot by Leon Draisaitl.
12:10 of 2nd period - Deflect By Patrick Kane.
12:10 of 2nd period - Shot Misses the Net.
12:10 of 2nd period - Puck is out of play.
12:11 of 2nd period - Mikael Backlund wins face-off versus Leon Draisaitl in Blackhawks zone.
12:20 of 2nd period - Snap shot by Mikael Backlund.
12:20 of 2nd period - Goal by Mikael Backlund - Blackhawks : 3 - Flyers : 3.
12:21 of 2nd period - Michael Rasmussen wins face-off versus Scott Laughton in neutral zone.
12:43 of 2nd period - Icing by Calle Jarnkrok.
12:44 of 2nd period - Scott Laughton wins face-off versus Matthew Knies in Flyers zone.
12:53 of 2nd period - Matthew Benning is hit by Leon Draisaitl and loses puck.
13:17 of 2nd period - Wrist shot by Logan Couture.
13:17 of 2nd period - Stopped by Akira Schmid without a rebound.
13:18 of 2nd period - Mikael Backlund wins face-off versus Scott Laughton in Blackhawks zone.
13:18 of 2nd period - Mikael Backlund is hit by MacKenzie Weegar.
13:27 of 2nd period - Slapshot by Niko Mikkola.
13:27 of 2nd period - Shot Misses the Net.
13:29 of 2nd period - Slapshot by Alexander Alexeyev.
13:29 of 2nd period - Shot Misses the Net.
13:31 of 2nd period - Backhand shot by Niko Mikkola.
13:31 of 2nd period - Shot Blocked by Aaron Ekblad.
13:33 of 2nd period - Wrist shot by Alexander Alexeyev.
13:33 of 2nd period - Deflect By Matthew Knies.
13:33 of 2nd period - Shot Misses the Net.
13:33 of 2nd period - Puck is out of play.
13:34 of 2nd period - Leon Draisaitl wins face-off versus Michael Rasmussen in Flyers zone.
13:34 of 2nd period - Leon Draisaitl is hit by Michael Rasmussen.
14:00 of 2nd period - Matthew Knies is hit by Aaron Ekblad and loses puck.
14:48 of 2nd period - Slapshot by John-Jason Peterka.
14:48 of 2nd period - Shot Misses the Net.
14:50 of 2nd period - Slapshot by Joey Anderson.
14:50 of 2nd period - Stopped by Akira Schmid with a rebound.
14:52 of 2nd period - Slapshot by Wyatt Johnston.
14:52 of 2nd period - Shot Misses the Net.
15:02 of 2nd period - Snap shot by Travis Konecny.
15:02 of 2nd period - Stopped by Akira Schmid with a rebound.
15:10 of 2nd period - Slapshot by Tyler Bertuzzi.
15:10 of 2nd period - Stopped by Juuse Saros with a rebound.
15:12 of 2nd period - Slapshot by Tyler Bertuzzi.
15:12 of 2nd period - Stopped by Juuse Saros with a rebound.
16:24 of 2nd period - Slapshot by Roman Josi.
16:24 of 2nd period - Shot Misses the Net.
16:50 of 2nd period - Moritz Seider is hit by Scott Laughton and loses puck.
17:03 of 2nd period - Snap shot by Logan Couture.
17:03 of 2nd period - Shot Blocked by Yanni Gourde.
17:05 of 2nd period - Slapshot by Noah Hanifin.
17:05 of 2nd period - Deflect By Dylan Cozens.
17:05 of 2nd period - Stopped by Akira Schmid without a rebound.
17:06 of 2nd period - Logan Couture wins face-off versus Yanni Gourde in Blackhawks zone.
17:55 of 2nd period - Wrist shot by Kevin Hayes.
17:55 of 2nd period - Shot Misses the Net.
18:05 of 2nd period - Matthew Benning is hit by Scott Laughton and loses puck.
18:22 of 2nd period - Slapshot by Gabriel Vilardi.
18:22 of 2nd period - Shot Misses the Net.
18:24 of 2nd period - Slapshot by John Marino.
18:24 of 2nd period - Stopped by Akira Schmid with a rebound.
18:32 of 2nd period - Snap shot by Scott Laughton.
18:32 of 2nd period - Shot Misses the Net.
18:34 of 2nd period - Wrist shot by Calle Jarnkrok.
18:34 of 2nd period - Shot Blocked by Carson Soucy.
18:36 of 2nd period - Snap shot by Gabriel Vilardi.
18:36 of 2nd period - Shot Blocked by Mark Stone.
18:45 of 2nd period - Double Minor Penalty to Matthew Benning for High sticking.
18:46 of 2nd period - Leon Draisaitl wins face-off versus Michael Rasmussen in Blackhawks zone.
19:20 of 2nd period - Slapshot by Aaron Ekblad.
19:20 of 2nd period - Deflect By Moritz Seider.
19:20 of 2nd period - Goal by Aaron Ekblad - Blackhawks : 3 - Flyers : 4.
19:21 of 2nd period - Leon Draisaitl wins face-off versus Yanni Gourde in neutral zone.
19:25 of 2nd period - Slapshot by Travis Konecny.
19:25 of 2nd period - Shot Misses the Net.
19:27 of 2nd period - Slapshot by Aaron Ekblad.
19:27 of 2nd period - Deflect By Leon Draisaitl.
19:27 of 2nd period - Goal by Leon Draisaitl - Blackhawks : 3 - Flyers : 5.
19:28 of 2nd period - Leon Draisaitl wins face-off versus Michael Rasmussen in neutral zone.
19:54 of 2nd period - Roman Josi is hit by MacKenzie Weegar and loses puck.
Goals for this period are 2 for Blackhawks vs 4 for Flyers.
Shots for this period are 10 for Blackhawks vs 11 for Flyers.

3rd period


0:01 of 3rd period - Leon Draisaitl wins face-off versus Mikael Backlund in neutral zone.
0:15 of 3rd period - Snap shot by Tomas Tatar.
0:15 of 3rd period - Stopped by Juuse Saros without a rebound.
0:16 of 3rd period - Michael Rasmussen wins face-off versus Logan Couture in Flyers zone.
0:31 of 3rd period - Wrist shot by Tyler Bertuzzi.
0:31 of 3rd period - Shot Misses the Net.
0:44 of 3rd period - Minor Penalty to Matthew Knies for Interference.
0:45 of 3rd period - Yanni Gourde wins face-off versus Leon Draisaitl in Blackhawks zone.
2:26 of 3rd period - Niko Mikkola is hit by Aaron Ekblad.
2:44 of 3rd period - Penalty to Matthew Knies is over, Matthew Knies is back on ice.
2:50 of 3rd period - Slapshot by Matthew Knies.
2:50 of 3rd period - Shot Misses the Net.
2:52 of 3rd period - Slapshot by Moritz Seider.
2:52 of 3rd period - Shot Blocked by Noah Hanifin.
2:54 of 3rd period - Slapshot by Yanni Gourde.
2:54 of 3rd period - Shot Misses the Net.
2:56 of 3rd period - Slapshot by Moritz Seider.
2:56 of 3rd period - Shot Blocked by Noah Hanifin.
2:58 of 3rd period - Slapshot by Yanni Gourde.
2:58 of 3rd period - Stopped by Juuse Saros without a rebound.
2:59 of 3rd period - Scott Laughton wins face-off versus Michael Rasmussen in Flyers zone.
3:26 of 3rd period - Brock Faber is hit by Alexander Alexeyev and loses puck.
4:08 of 3rd period - Wrist shot by Noah Hanifin.
4:08 of 3rd period - Shot Blocked by Roman Josi.
4:28 of 3rd period - Slapshot by Roman Josi.
4:28 of 3rd period - Stopped by Juuse Saros without a rebound.
4:29 of 3rd period - Dominic Toninato wins face-off versus Leon Draisaitl in Flyers zone.
4:32 of 3rd period - Slapshot by Phillip Di Giuseppe.
4:32 of 3rd period - Stopped by Juuse Saros without a rebound.
4:33 of 3rd period - Mikael Backlund wins face-off versus Patrick Kane in Flyers zone.
5:06 of 3rd period - Backhand shot by Mark Stone.
5:06 of 3rd period - Shot Misses the Net.
5:32 of 3rd period - Slapshot by Kevin Fiala.
5:32 of 3rd period - Stopped by Akira Schmid without a rebound.
5:33 of 3rd period - Mikael Backlund wins face-off versus Logan Couture in Blackhawks zone.
5:40 of 3rd period - Snap shot by Dylan Cozens.
5:40 of 3rd period - Stopped by Akira Schmid with a rebound.
6:00 of 3rd period - Niko Mikkola is hit by Scott Laughton and loses puck.
6:07 of 3rd period - Snap shot by Roman Josi.
6:07 of 3rd period - Stopped by Juuse Saros with a rebound.
6:53 of 3rd period - Icing by John Marino.
6:54 of 3rd period - Leon Draisaitl wins face-off versus Mikael Backlund in Flyers zone.
6:59 of 3rd period - Wrist shot by Leon Draisaitl.
6:59 of 3rd period - Shot Misses the Net.
7:01 of 3rd period - Slapshot by Travis Konecny.
7:01 of 3rd period - Stopped by Akira Schmid without a rebound.
7:02 of 3rd period - Mikael Backlund wins face-off versus Leon Draisaitl in Blackhawks zone.
7:02 of 3rd period - Mikael Backlund is hit by MacKenzie Weegar.
7:49 of 3rd period - Off-side.
7:50 of 3rd period - Calle Jarnkrok wins face-off versus Yanni Gourde in neutral zone.
7:55 of 3rd period - Snap shot by Gabriel Vilardi.
7:55 of 3rd period - Shot Misses the Net.
7:57 of 3rd period - Slapshot by John Marino.
7:57 of 3rd period - Stopped by Akira Schmid with a rebound.
7:59 of 3rd period - Wrist shot by Scott Laughton.
7:59 of 3rd period - Shot Misses the Net.
8:03 of 3rd period - Wrist shot by Gabriel Vilardi.
8:03 of 3rd period - Stopped by Akira Schmid with a rebound.
8:38 of 3rd period - Snap shot by Dylan Cozens.
8:38 of 3rd period - Shot Misses the Net.
9:38 of 3rd period - Snap shot by Kevin Fiala.
9:38 of 3rd period - Shot Blocked by Niko Mikkola.
9:48 of 3rd period - Wrist shot by Dylan Cozens.
9:48 of 3rd period - Shot Blocked by Michael Amadio.
9:50 of 3rd period - Wrist shot by Dylan Cozens.
9:50 of 3rd period - Stopped by Akira Schmid with a rebound.
9:52 of 3rd period - Slapshot by Noah Hanifin.
9:52 of 3rd period - Shot Misses the Net.
9:58 of 3rd period - Slapshot by Logan Couture.
9:58 of 3rd period - Shot Misses the Net.
10:00 of 3rd period - Snap shot by Logan Couture.
10:00 of 3rd period - Shot Blocked by Alexander Alexeyev.
10:02 of 3rd period - Slapshot by John Marino.
10:02 of 3rd period - Stopped by Akira Schmid with a rebound.
10:04 of 3rd period - Slapshot by John Marino.
10:04 of 3rd period - Stopped by Akira Schmid with a rebound.
10:06 of 3rd period - Wrist shot by Noah Hanifin.
10:06 of 3rd period - Shot Hit the Post.
10:08 of 3rd period - Slapshot by Noah Hanifin.
10:08 of 3rd period - Shot Blocked by Phillip Di Giuseppe.
10:10 of 3rd period - Slapshot by John Marino.
10:10 of 3rd period - Stopped by Akira Schmid without a rebound.
10:11 of 3rd period - Mikael Backlund wins face-off versus Leon Draisaitl in Blackhawks zone.
10:15 of 3rd period - Off-side.
10:16 of 3rd period - Mikael Backlund wins face-off versus Leon Draisaitl in neutral zone.
10:46 of 3rd period - Wrist shot by Tyler Bertuzzi.
10:46 of 3rd period - Shot Blocked by Calle Jarnkrok.
11:02 of 3rd period - Brock Faber is hit by Yanni Gourde and loses puck.
11:12 of 3rd period - Kevin Hayes is hit by Wyatt Johnston.
11:34 of 3rd period - Snap shot by Leon Draisaitl.
11:34 of 3rd period - Stopped by Akira Schmid with a rebound.
11:44 of 3rd period - Matthew Knies is hit by MacKenzie Weegar and loses puck.
12:17 of 3rd period - MacKenzie Weegar is hit by Roman Josi.
12:53 of 3rd period - Slapshot by Dominic Toninato.
12:53 of 3rd period - Shot Blocked by Brock Faber.
13:35 of 3rd period - Logan Couture is hit by Phillip Di Giuseppe and loses puck.
13:40 of 3rd period - Snap shot by Phillip Di Giuseppe.
13:40 of 3rd period - Shot Misses the Net.
13:42 of 3rd period - Slapshot by Alexander Alexeyev.
13:42 of 3rd period - Deflect By Logan Couture.
13:42 of 3rd period - Stopped by Juuse Saros without a rebound.
13:43 of 3rd period - Leon Draisaitl wins face-off versus Michael Rasmussen in Flyers zone.
13:56 of 3rd period - Snap shot by Patrick Kane.
13:56 of 3rd period - Shot Misses the Net.
13:58 of 3rd period - Slapshot by John Marino.
13:58 of 3rd period - Deflect By Niko Mikkola.
13:58 of 3rd period - Stopped by Akira Schmid with a rebound.
14:10 of 3rd period - Tomas Tatar is hit by Calle Jarnkrok and loses puck.
14:38 of 3rd period - Kevin Fiala is hit by Mark Stone and loses puck.
14:53 of 3rd period - Carson Soucy is hit by MacKenzie Weegar and loses puck.
15:34 of 3rd period - Slapshot by John-Jason Peterka.
15:34 of 3rd period - Shot Blocked by Alexander Alexeyev.
15:38 of 3rd period - Snap shot by Wyatt Johnston.
15:38 of 3rd period - Shot Misses the Net.
15:40 of 3rd period - Slapshot by Kaiden Guhle.
15:40 of 3rd period - Stopped by Akira Schmid without a rebound.
15:41 of 3rd period - Tyler Bertuzzi wins face-off versus Scott Laughton in Blackhawks zone.
15:53 of 3rd period - Icing by Scott Laughton.
15:54 of 3rd period - Scott Laughton wins face-off versus Tyler Bertuzzi in Flyers zone.
16:10 of 3rd period - Snap shot by Gabriel Vilardi.
16:10 of 3rd period - Stopped by Akira Schmid with a rebound.
16:43 of 3rd period - Snap shot by Scott Laughton.
16:43 of 3rd period - Stopped by Akira Schmid with a rebound.
16:45 of 3rd period - Snap shot by Gabriel Vilardi.
16:45 of 3rd period - Stopped by Akira Schmid with a rebound.
16:47 of 3rd period - Slapshot by Noah Hanifin.
16:47 of 3rd period - Shot Blocked by Luke Kunin.
16:49 of 3rd period - Slapshot by John Marino.
16:49 of 3rd period - Deflect By Gabriel Vilardi.
16:49 of 3rd period - Shot Blocked by Michael Rasmussen.
16:49 of 3rd period - Puck is out of play.
16:50 of 3rd period - Wyatt Johnston wins face-off versus Yanni Gourde in Blackhawks zone.
16:55 of 3rd period - Snap shot by Wyatt Johnston.
16:55 of 3rd period - Stopped by Akira Schmid with a rebound.
17:26 of 3rd period - Slapshot by Travis Konecny.
17:26 of 3rd period - Shot Blocked by Matthew Benning.
17:40 of 3rd period - MacKenzie Weegar is hit by Matthew Knies and loses puck.
18:48 of 3rd period - John Marino is hit by Michael Rasmussen and loses puck.
19:44 of 3rd period - Snap shot by Luke Kunin.
19:44 of 3rd period - Shot Blocked by John Marino.
Goals for this period are 0 for Blackhawks vs 0 for Flyers.
Shots for this period are 6 for Blackhawks vs 16 for Flyers.




Output by the SimonT Hockey Simulator (STHS) for Eric Tremblay - Original Page W3C HTML5 Valid
Hockey Simulator - Hockey Simulation - Hockey Manager